 Dungeon Crawl Stone Soup version 0.30.1-3-gfc49f6343a (webtiles) character file.

Game seed: 9862849867959469668

1 CaptainMV the Sneak (level 1, 0/15 HPs)
             Began as a Demonspawn Wanderer on July 25, 2023.
             Slain by a kobold
             ... wielding a +0 short sword
              (5 damage)
             ... on level 1 of the Dungeon.
             The game lasted 00:02:10 (31 turns).

CaptainMV the Sneak (Demonspawn Wanderer)             Turns: 31, Time: 00:02:11

Health: 0/15       AC:  2    Str:  9    XL:     1   Next: 16%
Magic:  4/4        EV: 11    Int: 11    God:
Gold:   0          SH:  0    Dex: 17    Spells: 6/6 levels left

rFire   . . .        a - +0 dagger
rCold   . . .        (no shield)
rNeg    . . .        g - +0 robe
rPois   .            (no helmet)
rElec   .            (no cloak)
rCorr   .            (no gloves)
SInv    .            (no boots)
Will    .....        (no amulet)
Stlth   +++          (no ring)
HPRegen 0.22/turn    (no ring)
MPRegen 0.09/turn

%: no passive effects
@: no status effects
A: no striking features
a: no special abilities


You were on level 1 of the Dungeon.
You visited 1 branch of the dungeon, and saw 1 of its levels.

Inventory:

Hand Weapons
 a - a +0 dagger (weapon)
 e - a +0 dagger
Missiles
 d - 7 boomerangs (quivered)
Armour
 g - a +0 robe (worn)
Scrolls
 f - a scroll of blinking


   Skills:
 + Level 1.0 Fighting
 + Level 1.7 Throwing
 + Level 3.7 Stealth
 + Level 3.0 Spellcasting


You had 6 spell levels left.
You didn't know any spells.
Your spell library contained the following spells:

 Spells                   Type           Power      Damage    Failure   Level
 Momentum Strike          Conj/Tloc      2%         3d8       36%         2
 Searing Ray              Conj           2%         2d4       36%         2


Dungeon Overview and Level Annotations

Branches:
Dungeon (1/15)

Altars:


Message History

The endoplasm seems less confused.
You hit the endoplasm.
The endoplasm is heavily wounded.
The endoplasm hits you.
You completely miss the endoplasm.
The endoplasm is heavily wounded.
The endoplasm hits you.
Throw: dart (atropa)
Press: ? - help, Q - select action, (/) - cycle Shift-Dir - straight line, f - kobold, p - endoplasm
Aim: a kobold, wielding a +0 short sword (51% to hit, chance to blind on hit: 100%)
You throw an atropa-tipped dart.
The atropa-tipped dart barely misses the kobold.
The kobold hits you with a +0 short sword.
The endoplasm hits you but does no damage.
You hit the endoplasm.
You kill the endoplasm!
The kobold hits you with a +0 short sword.
You barely miss the kobold.
The kobold hits you with a +0 short sword.
* * * LOW HITPOINT WARNING * * *
You miss the kobold. The kobold hits you but does no damage.
You hit the kobold but do no damage. The kobold hits you but does no damage.
Throw: dart (datura)
Press: ? - help, Q - select action, (/) - cycle Shift-Dir - straight line, f/p - kobold
Aim: a kobold, wielding a +0 short sword (51% to hit, chance to frenzy on hit: 100%)
You throw a datura-tipped dart. The datura-tipped dart hits the kobold.
The kobold flies into a frenzy!
The kobold hits you but does no damage. The kobold closely misses you.
You barely miss the kobold. The kobold barely misses you.
You closely miss the kobold. The kobold barely misses you. x2
You closely miss the kobold. The kobold closely misses you.
You hit the kobold but do no damage. The kobold completely misses you.
The kobold barely misses you.
You hit the kobold.
The kobold is moderately wounded.
The kobold completely misses you.
You hit the kobold but do no damage.
The kobold is moderately wounded.
The kobold hits you with a +0 short sword.
You die...

#.##.## #.#
#.##.# .# #
#.#.## #.
#.####..###
#.........#
.....#..#.#
####....#.#
###..# #
#@.# #.K#
#(.(...#
........(#
###.......#
#.......#
........#
....?..>..
#.......!...


You could see a neutral kobold (fast, strong, insane).

Vanquished Creatures
  An endoplasm (D:1)
1 creature vanquished.

Notes
Turn   | Place    | Note
-------+----------+-------------------------------------------
     0 | D:1      | CaptainMV the Demonspawn Wanderer began the quest for the
                  | Orb.
     0 | D:1      | CaptainMV set off with the following items: a +0 dagger, 2
                  | atropa-tipped darts, a datura-tipped dart, 7 boomerangs, a
                  | +0 dagger, a scroll of blinking, a +0 robe; and the
                  | following spells available to memorise: Momentum Strike,
                  | Searing Ray.
     0 | D:1      | Reached XP level 1. HP: 15/15 MP: 4/4
    31 | D:1      | Slain by a kobold

Illustrated notes

Levels and vault maps discovered:
D:1:      dpeg_arrival_simpleton_a, layout_basic

Action                     || total
---------------------------++-------
  Melee: Dagger            ||    12
  Throw: Dart              ||     3
    Use: Scroll            ||     1
 Armour: Robe              ||     5
  Dodge: Dodged            ||     8
